 Dungeon Crawl Stone Soup version 0.18.1-6-gd335043 (webtiles) character file.

79 Implojin the Insei (level 4, -1/35 HPs)
             Began as a Mummy Monk on May 21, 2016.
             Slain by Crazy Yiuf
             ... wielding a +3 quarterstaff of chaos
              (10 damage)
             ... while paralysed by Crazy Yiuf
             ... on level 2 of the Dungeon.
             The game lasted 00:05:30 (3011 turns).

Implojin the Insei (Mummy Monk)                     Turns: 3011, Time: 00:05:31

Health: -1/35      AC:  0    Str: 14    XL:     4   Next: 17%
Magic:  4/4        EV:  2    Int:  9    God:
Gold:   125        SH:  0    Dex: 15    Spells: 0 memorised, 3 levels left

rFire  x . .     SeeInvis .       - Unarmed
rCold  + . .     Gourm    .     (no armour)
rNeg   + + +     Faith    .     (no shield)
rPois  ∞         Spirit   .     (no helmet)
rElec  .         Dismiss  .     (no cloak)
rCorr  .         Reflect  .     (no gloves)
SustAt .         Harm     .     (no boots)
MR     +....                    (no amulet)
Stlth  ++........               (no ring)
                                c - ring of protection from magic

@: paralysed, somewhat resistant to hostile enchantments, unstealthy
A: no food or potions, fire vulnerability, cold resistance 1, negative energy
resistance 3, torment resistance, unbreathing
a: no special abilities


You were on level 2 of the Dungeon.
You were not hungry.

You visited 1 branch of the dungeon, and saw 2 of its levels.

You collected 125 gold pieces.

Inventory:

Jewellery
 c - a ring of protection from magic (left hand)
Scrolls
 a - 2 scrolls of enchant weapon {unknown}
 b - 2 scrolls of identify {unknown}
 d - a scroll of noise {unknown}
 e - a scroll of enchant armour {unknown}


   Skills:
 - Level 3.0 Fighting
 - Level 2.4 Dodging
 - Level 1.5 Stealth
 * Level 4.7 Unarmed Combat


You had 3 spell levels left.
You didn't know any spells.

Dungeon Overview and Level Annotations

Branches:
Dungeon (2/15)

Altars:
Ashenzari

Annotations:
D:2 Crazy Yiuf


Innate Abilities, Weirdness & Mutations

You do not eat or drink.
Your flesh is vulnerable to fire.
You are immune to poison.
Your flesh is cold resistant.
You are immune to negative energy.
You are immune to unholy pain and torment.
You can survive without breathing.


Message History

Unknown command.
Crazy Yiuf laughs, "Snower chair water!"
Crazy Yiuf says, "Rot!"
Crazy Yiuf cries, "Whippet mumblescurry song!"
Crazy Yiuf whimpers, "Dawk!"
Crazy Yiuf cries, "Rot!"
Crazy Yiuf grits, "Gum poople bag!"
Crazy Yiuf says, "Tosser!"
Crazy Yiuf yells, "Snurf toodlewoodle aubergine!"
Crazy Yiuf cries, "Powder turtle illywillydillykilly!"
Crazy Yiuf glowers.
Crazy Yiuf grits, "Announcement Hive toodlewoodle!"
Crazy Yiuf glowers.
Crazy Yiuf says, "Crazy?
Crazy!?
PORCUPINE!"
Crazy Yiuf cries, "You leg down broken song, no?"
Crazy Yiuf flaps his cloak.
Crazy Yiuf yells, "Action hog forty-two!"
Crazy Yiuf waves his quarterstaff at you.
You hit Crazy Yiuf but do no damage. You barely miss Crazy Yiuf.
Crazy Yiuf yells, "Snoogle!
Two cower tired."
Crazy Yiuf barely misses you.
You hit Crazy Yiuf.
Crazy Yiuf is lightly wounded.
Crazy Yiuf barely misses you.
You hit Crazy Yiuf.
Crazy Yiuf is heavily wounded.
Crazy Yiuf closely misses you.
You hit Crazy Yiuf.
Crazy Yiuf is heavily wounded.
Crazy Yiuf hits you with a quarterstaff of chaos.
You suddenly lose the ability to move!
Crazy Yiuf hits you with a quarterstaff of chaos!
* * * LOW HITPOINT WARNING * * *
Crazy Yiuf hits you with a quarterstaff of chaos!
* * * LOW HITPOINT WARNING * * *
Crazy Yiuf hits you with a quarterstaff of chaos.
* * * LOW HITPOINT WARNING * * *
Crazy Yiuf hits you with a quarterstaff of chaos!
You die...

###....#............#
....#..#............# ###
.............>......####<#####
###....#............##.#.....#
# #.....#.##........##.#.###.#
# #.....#..........###.#####.#
# #..........[.....# #.)..##.#
# #......####.########.##.##.#
# #......###....@g.....##.##.#
. #.......##..####....###.##.#
. #%....#.##..# #.##.# #.##.#
#...###..#..# #.##.# #.##.#
#...####.#..####.##.# #.##.#
#######............##.# #.##.#
...............###.##.###.##.#
...............# #.##.#......#
...............# ####†########


You could see Crazy Yiuf.

Vanquished Creatures
  2 adders (D:2)
  2 oozes (D:1)
  A worm (D:2)
  2 dart slugs
  2 giant geckos
  9 bats
  A giant cockroach (D:2)
  4 hobgoblins
  6 kobolds (D:1)
  3 giant newts
  8 goblins
  4 rats
44 creatures vanquished.

Notes
Turn   | Place    | Note
--------------------------------------------------------------
     0 | D:1      | Implojin the Mummy Monk began the quest for the Orb.
     0 | D:1      | Reached XP level 1. HP: 18/18 MP: 1/1
   587 | D:1      | Reached XP level 2. HP: 24/24 MP: 2/2
   932 | D:1      | Reached skill level 4 in Unarmed Combat
  1006 | D:1      | Reached XP level 3. HP: 19/29 MP: 3/3
  1418 | D:1      | Found a shattered altar of Ashenzari.
  2478 | D:2      | Reached XP level 4. HP: 24/35 MP: 4/4
  2852 | D:2      | Noticed Crazy Yiuf
  3006 | D:2      | Paralysed by Crazy Yiuf for 7 turns
  3011 | D:2      | Slain by Crazy Yiuf

Skill      XL: |  1  2 |
---------------+-------+-----
Unarmed Combat | 4 |  4.7
Fighting       | |  3.0
Dodging        | |  2.4
Stealth        | |  1.5

Action                   |  1- 3 |  4- 6 || total
-------------------------+-------+-------++-------
Melee: Unarmed           |   164 |    16 ||   180
       Punch             |     2 |     1 ||     3
 Stab: Sleeping          |     4 |       ||     4
Dodge: Dodged            |   114 |     7 ||   121

Table legend:
 A = Turns spent in this place as a percentage of turns spent in the entire game.
 B = Non-inter-level travel turns spent in this place as a percentage of non-inter-level travel turns spent in the entire game.
 C = Inter-level travel turns spent in this place as a percentage of turns spent in this place.
 D = Turns resting spent in this place as a percentage of non-inter-level travel turns spent in this place.
 E = Turns spent auto-exploring this place as a percentage of non-inter-level travel turns spent in this place.
 F = Non-inter-level travel turns spent in this place divided by the number of levels of this place that you've seen.
                   A       B       C       D       E      F
               +-------+-------+-------+-------+-------+----------------------
         Total | 100.0 | 100.0 |   0.1 |   3.8 |   4.1 | 480.0
       Dungeon | 100.0 | 100.0 |   0.1 |   3.8 |   4.1 | 480.0
               +-------+-------+-------+-------+-------+----------------------

Table legend:
 A = Kills in this place as a percentage of kills in entire the game.
 B = Kills by you in this place as a percentage of kills by you in the entire game.
 C = Kills by friends in this place as a percentage of kills by friends in the entire game.
 D = Other kills in this place as a percentage of other kills in the entire game.
 E = Experience gained in this place as a percentage of experience gained in the entire game.
 F = Experience gained in this place divided by the number of levels of this place that you have seen.
                   A       B       C       D       E      F
               +-------+-------+-------+-------+-------+----------------------
         Total | 100.0 | 100.0 |  -nan |  -nan | 100.0 |  57.0
       Dungeon | 100.0 | 100.0 |  -nan |  -nan | 100.0 |  57.0
               +-------+-------+-------+-------+-------+----------------------
